 Dungeon Crawl Stone Soup version 0.27-a0-262-gc50aac273e (webtiles) character file.

Game seed: 16662558714855490696

664 Borgoz the Skirmisher (level 7, -7/60 HPs)
             Began as a Ghoul Gladiator on Feb 5, 2021.
             Was an Initiate of Ashenzari.
             Killed by divine providence
             ... invoked by an orc priest
              (16 damage)
             ... on level 4 of the Dungeon.
             The game lasted 00:04:00 (3976 turns).

Borgoz the Skirmisher (Ghoul Gladiator)             Turns: 3976, Time: 00:04:00

Health: -7/60      AC:  5    Str: 18    XL:     7   Next: 57%
Magic:  6/6        EV: 13    Int:  3    God:    Ashenzari [......]
Gold:   158        SH:  0    Dex: 12    Spells: 6/6 levels left

rFire    . . .     SeeInvis .   a - +0 long sword
rCold    + . .     Faith    .   (no shield)
rNeg     + + +     Spirit   .   b - +0 leather armour
rPois    ∞         Reflect  .   j - +1 helmet
rElec    .         Harm     .   (no cloak)
rCorr    .         Rampage  .   (no gloves)
Will     .....                  (no boots)
Stlth    +.........             (no amulet)
HPRegen  0.00/turn              (no ring)
MPRegen  0.10/turn              (no ring)

@: no status effects
A: claws 1, cold resistance 1, negative energy resistance 3, inhibited
regeneration, torment resistance, unbreathing
a: Renounce Religion, Curse Item


You were on level 4 of the Dungeon.
You worshipped Ashenzari.
Ashenzari was noncommittal.
You visited 1 branch of the dungeon, and saw 4 of its levels.

You collected 158 gold pieces.

Inventory:

Hand Weapons
 a - a +0 long sword (weapon)
Missiles
 d - a throwing net (quivered)
Armour
 b - a +0 leather armour (worn)
 j - a +1 helmet (worn)
Scrolls
 c - 2 scrolls of remove curse
 e - 4 scrolls of identify {unknown}
 g - 3 scrolls of teleportation {unknown}
 k - 2 scrolls of immolation {unknown}
Potions
 f - 2 potions of brilliance
 h - a potion of attraction {unknown}
 i - 2 potions of curing {unknown}
 l - 2 potions of mutation {unknown}


   Skills:
 + Level 4.8 Fighting
 + Level 4.5 Long Blades
 - Level 1.7 Throwing
 + Level 3.4 Armour
 + Level 4.4 Dodging


You had 6 spell levels left.
You didn't know any spells.
Your spell library was empty.

Dungeon Overview and Level Annotations

Branches:
Dungeon (4/15)
 Temple: D:4-7

Altars:
Ashenzari
Hepliaklqana
Xom
Zin

Shops:
D:3 *


Innate Abilities, Weirdness & Mutations

You thrive by killing the living.
You are immune to poison.
You have sharp fingernails.
Your flesh is cold resistant. (rC+)
You are immune to negative energy. (rN+++)
You do not regenerate when monsters are visible.
You are immune to unholy pain and torment.
You can survive without breathing.


Message History

The orc priest is lightly wounded.
The orc priest hits you.
You closely miss the orc priest.
The orc priest is lightly wounded.
The orc priest closely misses you.
You completely miss the orc priest.
The orc priest is lightly wounded.
The orc priest looks satisfied for a moment.
You hit the orc priest but do no damage.
The orc priest is lightly wounded.
The orc priest invokes the aid of Beogh against you.
Beogh smites you!
You closely miss the orc priest.
The orc priest is lightly wounded.
The orc priest invokes the aid of Beogh against you.
Beogh smites you!
* * * LOW HITPOINT WARNING * * *
The orc priest calls down the wrath of Beogh upon you.
Beogh smites you!
You die...

....)..#. #..[...........
......... ##..............
......... ...#.............
........### ##...............
....(.....## ###.............
........#..# ####...........†.
#..#.## #................
##....#####..#.............
#$....#......o@.(..<....####.##
###...###..###...##...#.# ..#
.................#.#.#.# .##
####...#####........#.#.# .#
#.. ##.#..........# ###
#....#.........
#...###......... .....
.......... .... ##..........


You could see an orc priest.

Vanquished Creatures
  Sigmund (D:2)
  An ogre (D:4)
  A phantom (D:3)
  A scorpion (D:4)
  A howler monkey (D:3)
  A hound (D:4)
  An orc priest (D:3)
  Terence (D:3)
  An orc wizard (D:3)
  Robin (D:2)
  3 adders
  2 oozes
  A worm (D:2)
  4 dart slugs
  A leopard gecko (D:1)
  10 orcs
  A ball python (D:1)
  6 giant cockroaches
  17 goblins
  11 hobgoblins
  10 jackals
  11 kobolds
  A quokka (D:4)
  6 bats
  3 frilled lizards
  4 rats
101 creatures vanquished.

Notes
Turn   | Place    | Note
-------+----------+-------------------------------------------
     0 | D:1      | Borgoz the Ghoul Gladiator began the quest for the Orb.
     0 | D:1      | Reached XP level 1. HP: 17/17 MP: 0/0
   107 | D:1      | Reached XP level 2. HP: 15/25 MP: 1/1
   557 | D:1      | Reached XP level 3. HP: 19/30 MP: 2/2
   672 | D:1      | Reached skill level 1 in Armour
  1122 | D:2      | Noticed Sigmund
  1317 | D:2      | Noticed Robin
  1465 | D:2      | Killed Robin
  1466 | D:2      | Reached XP level 4. HP: 31/38 MP: 3/3
  1642 | D:2      | Killed Sigmund
  1643 | D:2      | Reached XP level 5. HP: 35/46 MP: 4/4
  1774 | D:2      | Reached XP level 6. HP: 42/52 MP: 5/5
  2297 | D:2      | Found a shimmering altar of Xom.
  2437 | D:2      | Found a hazy altar of Hepliaklqana.
  2640 | D:3      | Found a broken altar of Ashenzari.
  2647 | D:3      | Became a worshipper of Ashenzari the Shackled
  2932 | D:3      | Noticed Terence
  2949 | D:3      | Killed Terence
  3052 | D:3      | Found Zin's Purification Station.
  3055 | D:3      | Found a glowing silver altar of Zin.
  3420 | D:4      | Reached XP level 7. HP: 49/60 MP: 6/6
  3976 | D:4      | Killed from afar by an orc priest

Illustrated notes

Levels and vault maps discovered:
D:1:      lightli_arrival_flooded_house, layout_loops_cross,
          minmay_close_crescents
D:2:      layout_loops_ring, lemuel_round_altar, lemuel_coloured_pillars_altar,
          kennysheep_doodads, uniq_robin, uniq_sigmund
D:3:      layout_rooms, zin_purify, old_standard_altar, uniq_terence
D:4:      layout_rooms, uniq_grinder

Skill      XL: |  1  2  3  4  5  6  7 |
---------------+----------------------+-----
Long Blades    | 3 4 |  4.5
Armour         | 1 2 3 |  3.4
Dodging        | 3 4 |  4.4
Fighting       | 3 4 |  4.8
Throwing       | |  1.7

Action                   |  1- 3 |  4- 6 |  7- 9 || total
-------------------------+-------+-------+-------++-------
Melee: Long sword        |   113 |   183 |    42 ||   338
Throw: Throwing net      |       |     2 |     1 ||     3
  Use: Potion            |     1 |     1 |       ||     2
 Stab: Held in net/web   |       |       |     2 ||     2
Armor: Leather armour    |    27 |    59 |     9 ||    95
Dodge: Dodged            |    83 |   153 |    21 ||   257
       Rpst.: Long sword |    13 |    48 |     6 ||    67

Table legend: (Time is in decaauts)
 A = Elapsed time spent in this place.
 B = Non-inter-level travel time spent in this place.
 C = Inter-level travel time spent in this place.
 D = Time resting spent in this place.
 E = Time spent auto-exploring this place.
 F = Levels seen in this place.
 G = Mean time per level.
                   A        B        C        D        E       F      G
               +--------+--------+--------+--------+--------+-----+--------+
         Total |   4058 |   3977 |     81 |   1299 |   1885 |   4 | 1014.5 |
       Dungeon |   4058 |   3977 |     81 |   1299 |   1885 |   4 | 1014.5 |
               +--------+--------+--------+--------+--------+-----+--------+

Top non-repeatable levels by time:
     D:1: 1297 daAuts
     D:2: 1264 daAuts
     D:3: 1143 daAuts
     D:4: 353 daAuts
